 Dungeon Crawl Stone Soup version 0.26-a0-646-g5d7718319a (webtiles) character file.

Game seed: 11790051302349541708

681 DogServant the Purveyor of Pain (level 7, -6/40 HPs)
             Began as a Vampire Necromancer on Sept 24, 2020.
             Was an Initiate of Kikubaaqudgha.
             Mangled by a wyvern skeleton (10 damage)
             ... on level 6 of the Dungeon.
             The game lasted 00:22:13 (6152 turns).

DogServant the Purveyor of Pain (VpNe)              Turns: 6152, Time: 00:22:16

Health: -6/40      AC:  4    Str:  6 (9)  XL:     7   Next: 34%
Magic:  11/11      EV: 12    Int: 21 (24) God:    Kikubaaqudgha [......]
Gold:   281        SH:  4    Dex:  9 (14) Spells: 3/12 levels left

rFire    . . .     SeeInvis +   D - +3 falchion (venom)
rCold    . . .     Faith    .   h - +0 buckler
rNeg     + . .     Spirit   .   x - +0 leather armour
rPois    .         Reflect  .   (no helmet)
rElec    .         Harm     .   (no cloak)
rCorr    .         Rampage  .   w - +0 pair of gloves
MR       .....                  (no boots)
Stlth    ++........             (no amulet)
HPRegen  0.33/turn              b - +6 ring of intelligence
MPRegen  0.12/turn              o - ring of positive energy

@: regenerating quickly
A: fangs 3, see invisible, [frail 2], unbreathing
a: Exsanguinate, Renounce Religion


You were on level 6 of the Dungeon.
You worshipped Kikubaaqudgha.
Kikubaaqudgha was noncommittal.
You visited 1 branch of the dungeon, and saw 6 of its levels.

You collected 281 gold pieces.

Inventory:

Hand Weapons
 d - a +1 club
 q - a +0 whip
 t - a +0 short sword
 D - a +3 falchion of venom (weapon)
Missiles
 A - 4 poisoned darts (quivered)
Armour
 a - a +0 robe
 h - a +0 buckler (worn)
 w - a +0 pair of gloves (worn)
 x - a +0 leather armour (worn)
Magical Staves
 B - an uncursed staff of death {unknown}
Jewellery
 b - a +6 ring of intelligence (left hand)
 o - a ring of positive energy (right hand)
Wands
 l - a wand of flame (28)
 p - a wand of paralysis (5)
 r - a wand of digging (5)
 s - a wand of iceblast (3)
Scrolls
 m - 2 scrolls of magic mapping
 n - a scroll of remove curse
Potions
 c - a potion of resistance
 e - 5 potions of heal wounds
 i - 2 potions of curing
 k - a potion of brilliance
 v - a potion of flight
 z - a potion of mutation
 F - a potion of invisibility {unknown}
 G - a potion of lignification {unknown}
 H - a potion of might {unknown}


   Skills:
 + Level 2.2 Fighting
 + Level 1.5 Long Blades
 + Level 3.9 Dodging
 - Level 3.4 Stealth
 + Level 3.8 Shields
 - Level 3.0 Spellcasting
 - Level 6.2 Necromancy


You had 3 spell levels left.
You knew the following spells:

 Your Spells              Type           Power        Failure   Level
a - Pain                  Necr           ####         1%          1
b - Animate Skeleton      Necr           ####..       1%          1
c - Vampiric Draining     Necr           ####......   4%          3
d - Animate Dead          Necr           ####......   16%         4

Your spell library contained the following spells:

 Spells                   Type           Power        Failure   Level
 Agony                    Necr           ####....     41%         5


Dungeon Overview and Level Annotations

Branches:
Dungeon (6/15)
 Temple: D:4-7

Altars:
Fedhas
Gozag
Kikubaaqudgha
Vehumet

Annotations:
D:4 Menkaure


Innate Abilities, Weirdness & Mutations

Your natural rate of healing is unusually fast.
You have razor-sharp teeth.
You have supernaturally acute eyesight. (SInv)
You can survive without breathing.
[You are very frail. (-20% HP)]


Message History

You hit the ufetubus.
The ufetubus is poisoned.
The ufetubus is moderately wounded.
The ufetubus barely misses you. The ufetubus misses you.
The wyvern skeleton barely misses you. The ufetubus hits you.
The ufetubus misses you. The wyvern skeleton misses you.
You barely miss the ufetubus.
The ufetubus is moderately wounded.
The ufetubus hits you.
The ufetubus hits you but does no damage.
The wyvern skeleton bites you! You block the ufetubus's attack.
The ufetubus closely misses you.
You barely miss the ufetubus. Your bite misses the ufetubus.
The ufetubus is almost dead.
The wyvern skeleton bites you!
* * * LOW HITPOINT WARNING * * *
The ufetubus barely misses you.
The ufetubus hits you but does no damage.
The wyvern skeleton bites you!
You die...
Kikubaaqudgha rasps: "You have failed me!
Welcome... death!"

#..# #..# .#
#..##.#
.....### #
#.#....# ..
#.#....####
##.#<.........
#....5Z......#
#.....@..5...#
#.####......##
#. ......... .
.####..##. #
.. ..# ## ..#
.# ##


You could see a shadow imp, an ufetubus (very poisoned) and a wyvern skeleton.

Vanquished Creatures
  Eustachio (D:5)
  3 orc wizards
  6 orc priests
  Natasha (thrice) (D:4)
  A worker ant (D:4)
  A worker ant zombie (D:5)
  6 adders
  An ufetubus (D:4)
  2 oozes
  4 worms
  3 dart slugs
  6 leopard geckos
  9 orcs
  2 ball pythons
  6 giant cockroaches
  5 hobgoblins
  4 jackals
  A quokka (D:4)
  2 bats (D:1)
  5 frilled lizards
  5 goblins
  3 kobolds (D:2)
  A leopard gecko zombie (D:5)
  7 rats
87 creatures vanquished.

Vanquished Creatures (collateral kills)
  A howler monkey skeleton (D:5)
  A frilled lizard (D:5)
  A kobold (D:1)
3 creatures vanquished.

Vanquished Creatures (others)
  20 plants
20 creatures vanquished.

Grand Total: 110 creatures vanquished

Notes
Turn   | Place    | Note
-------+----------+-------------------------------------------
     0 | D:1      | DogServant the Vampire Necromancer began the quest for the
                  | Orb.
     0 | D:1      | Reached XP level 1. HP: 13/13 MP: 3/3
   326 | D:1      | Reached XP level 2. HP: 9/19 MP: 0/5
   447 | D:1      | Learned a level 1 spell: Animate Skeleton
  1211 | D:2      | Reached skill level 5 in Necromancy
  1211 | D:2      | Reached XP level 3. HP: 21/24 MP: 1/6
  1273 | D:2      | Learned a level 3 spell: Vampiric Draining
  1450 | D:2      | Reached skill level 1 in Shields
  1781 | D:2      | Reached XP level 4. HP: 28/30 MP: 1/7
  2690 | D:3      | Reached XP level 5. HP: 34/35 MP: 5/8
  2844 | D:3      | You fall into a shaft and drop 2 floors!
  2844 | D:5      | Entered Level 5 of the Dungeon
  2926 | D:5      | Noticed Eustachio
  3000 | D:4      | Reached skill level 6 in Necromancy
  3369 | D:4      | Reached XP level 6. HP: 39/42 MP: 2/9
  3452 | D:4      | Noticed Menkaure
  3612 | D:4      | Found a radiant altar of Vehumet.
  3617 | D:4      | Noticed Natasha
  3623 | D:4      | Killed Natasha
  3696 | D:4      | Noticed Natasha
  3700 | D:4      | Killed Natasha
  3700 | D:4      | Reached skill level 1 in Fighting
  3915 | D:4      | Noticed Natasha
  3965 | D:5      | Found a blossoming altar of Fedhas.
  3997 | D:4      | Killed Natasha
  4254 | D:3      | Found an opulent altar of Gozag.
  4983 | D:5      | Found an ancient bone altar of Kikubaaqudgha.
  4991 | D:5      | Became a worshipper of Kikubaaqudgha
  5788 | D:5      | Learned a level 4 spell: Animate Dead
  5814 | D:5      | Reached XP level 7. HP: 29/39 MP: 0/11
  5879 | D:5      | Killed Eustachio
  5879 | D:5      | Reached skill level 1 in Long Blades
  6152 | D:6      | Mangled by a wyvern skeleton

Illustrated notes

Levels and vault maps discovered:
D:1:      mrwooster_arrival_statue, layout_rooms, serial_bayou_crossing
D:2:      layout_rooms, serial_bayou_lake_a
D:3:      layout_basic, overflow_temple_1_default, kennysheep_big_empty_room,
          minmay_bisected
D:4:      layout_basic, lemuel_doored_altar, uniq_pikel, uniq_natasha,
          uniq_menkaure
D:5:      layout_basic, grunt_temple_overflow_growth_and_decay, uniq_eustachio
D:6:      minmay_general_purpose_star, layout_basic

Skill      XL: |  1  2  3  4  5  6  7 |
---------------+----------------------+-----
Necromancy     | 5 6 |  6.2
Shields        | 1 2 3 |  3.8
Fighting       | 1 2 |  2.2
Dodging        | 3 |  3.9
Spellcasting   | 3 |  3.0
Long Blades    | 1 |  1.5
Stealth        | |  3.4

Action                   |  1- 3 |  4- 6 |  7- 9 || total
-------------------------+-------+-------+-------++-------
Melee: Club              |    78 |    22 |       ||   100
       Unarmed           |     5 |    10 |       ||    15
       Bite              |     1 |     7 |       ||     8
       Whip              |       |     6 |       ||     6
       Short sword       |       |    61 |       ||    61
       Falchion          |       |       |     7 ||     7
Throw: Boomerang         |       |     6 |     1 ||     7
       Dart              |       |     4 |     3 ||     7
 Cast: Pain              |    50 |    52 |     1 ||   103
       Animate Skeleton  |     1 |    11 |       ||    12
       Vampiric Draining |     4 |    24 |     2 ||    30
 Abil: Bat Form          |       |     2 |       ||     2
       Exsanguinate      |       |     2 |       ||     2
       Revivify          |       |     2 |       ||     2
       End Transformatio |       |     1 |       ||     1
Evoke: Wand              |       |       |     5 ||     5
  Use: Scroll            |     1 |    11 |     5 ||    17
       Potion            |       |     3 |       ||     3
 Stab: Sleeping          |     2 |     3 |       ||     5
       Paralysed         |       |       |     4 ||     4
Armor: Robe              |    18 |    28 |       ||    46
       Leather armour    |       |       |    17 ||    17
Dodge: Dodged            |    79 |   146 |    27 ||   252
Block: Buckler           |       |     1 |     8 ||     9
       Rpst.: Falchion   |       |       |     4 ||     4

Table legend: (Time is in decaauts)
 A = Elapsed time spent in this place.
 B = Non-inter-level travel time spent in this place.
 C = Inter-level travel time spent in this place.
 D = Time resting spent in this place.
 E = Time spent auto-exploring this place.
 F = Levels seen in this place.
 G = Mean time per level.
                   A        B        C        D        E       F      G
               +--------+--------+--------+--------+--------+-----+--------+
         Total |   6201 |   5949 |    252 |   2022 |   2648 |   6 | 1033.5 |
       Dungeon |   6201 |   5949 |    252 |   2022 |   2648 |   6 | 1033.5 |
               +--------+--------+--------+--------+--------+-----+--------+

Top non-repeatable levels by time:
     D:4: 1687 daAuts
     D:5: 1234 daAuts
     D:1: 1171 daAuts
     D:2: 1107 daAuts
     D:3: 996 daAuts
     D:6: 5 daAuts
